Map: Prion Terraces

Players

RusZerg - Winner!

  • Race: Zerg Zerg
  • League: Master

Miszu

  • Race: Terran Terran
  • League: Master

VOD

Have the link to the VOD?

Description

Time

  • Played on: March 23, 2016, 2:33 p.m.
  • Length: 15:07
Show
View Real Time Build Order
Export as new Build Order

RusZerg Zerg - Winner!

Build Orders: Hatch First, Muta Ling Bane 

Get SALT Encoding   

  12  0:01  Drone  
  13  0:13  Overlord  
  13  0:18  Drone  
  14  0:31  Drone x2  
  14  0:34  Drone  
  17  0:52  Hatchery  
  17  0:54  Drone  
  17  1:08  Spawning Pool  
  17  1:10  Drone  
  17  1:14  Drone  
  17  1:15  Extractor  
  17  1:20  Drone  
  18  1:29  Drone  
  19  1:40  Overlord  
  19  1:55  Zergling x2, Queen  
  22  2:02  Zergling x2  
  22  2:04  Zergling x2  
  22  2:05  Queen  
  26  2:13  Drone  
  27  2:21  Metabolic Boost  
  27  2:28  Drone  
  28  2:35  Drone x2  
  30  2:38  Drone x2  
  30  2:43  Queen  
  33  2:52  Zergling x4  
  35  3:01  Zergling x2  
  36  3:16  Overlord  
  36  3:31  Overlord x3  
  36  3:33  Zergling x2  
  36  3:34  Queen  
  36  3:38  Zergling x8, Drone x2  
  44  3:45  Overlord  
  44  3:49  Overlord, Queen  
  46  4:04  Drone x3  
  46  4:07  Drone  
  49  4:13  Lair  
  49  4:14  Drone x3  
  49  4:15  Drone  
  53  4:23  Drone x3  
  53  4:26  Roach Warren  
  53  4:27  Extractor  
  51  4:40  Zergling x8  
  51  4:41  Zergling x2  
  54  4:55  Drone x5  
  57  5:12  Drone  
  57  5:13  Drone  
  59  5:24  Drone x2  
  59  5:25  Drone x2  
  61  5:31  Drone  
  61  5:33  Extractor x2  
  54  5:43  Queen x2  
  54  5:45  Drone x2  
  54  5:46  Drone  
  54  5:48  Drone, Hatchery  
  61  5:53  Hatchery  
  60  6:01  Spire  
  60  6:03  Baneling Nest, Drone x2  
  60  6:15  Drone x2  
  59  6:22  Drone  
  59  6:23  Drone  
  60  6:28  Drone  
  60  6:30  Drone  
  58  6:42  Drone x2  
  60  6:48  Centrifical Hooks  
  60  6:50  Burrow  
  60  6:51  Drone x2  
  62  6:55  Drone x5  
  62  6:56  Drone  
  62  7:01  Evolution Chamber, Hatchery  
  67  7:03  Drone, Evolution Chamber  
  67  7:04  Queen  
  67  7:07  Drone  
  67  7:08  Drone x2  
  71  7:13  Zerg Flyer Weapons Level 1  
  71  7:19  Zergling x8  
  74  7:27  Zergling x4  
  74  7:28  Zergling x8  
  80  7:34  Baneling x3  
  80  7:35  Baneling x8  
  80  7:36  Baneling x4  
  80  7:39  Mutalisk x2  
  84  7:44  Zerg Melee Weapons Level 1  
  84  7:47  Drone  
  84  7:48  Drone  
  84  7:51  Extractor, Drone  
  87  7:52  Extractor, Queen  
  87  7:55  Overlord x2  
  87  7:57  Overlord  
  87  8:04  Overlord  
  87  8:08  Baneling  
  83  8:16  Zergling x2, Mutalisk x3  
  83  8:19  Extractor, Drone x3  
  83  8:20  Extractor, Drone x7  
  83  8:25  Drone x3  
  92  8:29  Drone x5  
  92  8:32  Mutalisk  
  99  8:37  Drone  
  100  8:46  Zergling x4  
  100  8:47  Zergling x14  
  109  8:51  Mutalisk x3  
  109  8:55  Drone x2  
  117  9:00  Zerg Ground Armor Level 1  
  117  9:05  Overlord  
  117  9:15  Zergling x2, Baneling x2  
  117  9:16  Overlord x3  
  118  9:18  Baneling x2  
  118  9:19  Baneling  
  118  9:21  Hatchery  
  117  9:28  Zergling x4  
  117  9:29  Zergling x14  
  126  9:34  Overlord  
  126  9:49  Hatchery  
  126  9:50  Zergling x4  
  126  9:51  Zergling x4  
  129  9:58  Zergling x18  
  129  9:59  Zergling x14, Zerg Melee Weapons Level 2  
  145  10:02  Overlord x2  
  145  10:04  Overlord  
  145  10:10  Overlord  
  145  10:11  Mutalisk x3  
  145  10:12  Mutalisk  
  153  10:16  Mutalisk x2  
  157  10:24  Mutalisk x6  
  169  10:33  Zergling x6  
  169  10:34  Zergling x6  
  169  10:35  Zergling x2  
  176  10:40  Drone  
  177  10:43  Infestation Pit, Zergling x6  
  177  10:44  Zerg Flyer Weapons Level 2  
  177  10:45  Zergling x4  
  181  10:56  Drone  
  180  10:58  Zergling x14  
  180  10:59  Zergling x6  
  190  11:05  Zerg Ground Armor Level 2  
  190  11:10  Overlord  
  190  11:12  Zergling x10  
  195  11:22  Mutalisk x5  
  195  11:24  Hive  
  197  11:34  Baneling x2  
  197  11:37  Mutalisk x2  
  197  11:39  Mutalisk x2  
  200  11:56  Overlord, Extractor  
  200  11:58  Extractor  
  200  11:59  Overlord x2  
  193  12:24  Pathogen Glands  
  193  12:39  Adrenal Glands  
  193  12:40  Ultralisk Cavern  
  181  12:47  Overlord  
  181  12:48  Drone x2  
  168  13:01  Drone x2  
  160  13:09  Drone x4  
  160  13:10  Drone x3  
  165  13:22  Overlord  
  165  13:33  Chitinous Plating  
  165  13:34  Ultralisk x3  
  165  13:35  Ultralisk x2  
  165  13:36  Infestor x2  
  165  13:38  Overlord  
  199  13:44  Overlord  
  199  14:02  Baneling x3  
  185  14:11  Ultralisk x2  
  189  14:19  Baneling  
  189  14:20  Baneling x17  
  188  14:30  Baneling x3  
  191  14:40  Zergling x12  
  181  14:46  Baneling  
Show
View Real Time Build Order
Export as new Build Order

Miszu Terran 

Build Orders: MMM Bio 

Get SALT Encoding   

  12  0:00  SCV  
  13  0:12  SCV  
  14  0:17  Supply Depot  
  14  0:24  SCV  
  15  0:39  SCV  
  16  0:42  Barracks  
  16  0:45  Refinery  
  16  0:51  SCV  
  17  0:59  Barracks  
  17  1:03  SCV  
  18  1:15  SCV  
  19  1:20  Barracks  
  19  1:27  SCV  
  19  1:30  Reaper  
  21  1:34  Refinery  
  21  1:46  Supply Depot  
  21  1:47  Reaper  
  22  2:02  Reaper, Orbital Command  
  23  2:11  Reaper  
  24  2:15  Supply Depot  
  24  2:20  Reaper  
  25  2:34  SCV  
  25  2:35  Reaper  
  26  2:43  Reaper  
  27  2:49  SCV  
  28  2:52  Reaper  
  29  3:03  Command Center  
  29  3:06  SCV  
  29  3:07  Reaper  
  31  3:17  Reaper  
  32  3:24  Reaper, SCV  
  34  3:37  SCV  
  34  3:39  Reaper  
  36  3:45  Command Center  
  36  3:49  Supply Depot  
  36  3:50  Reaper  
  36  3:53  SCV  
  38  4:07  Reaper  
  39  4:12  Reaper, SCV  
  41  4:22  Marine  
  42  4:24  SCV  
  42  4:25  Factory, Orbital Command  
  42  4:36  SCV  
  43  4:42  Barracks Reactor, Barracks Tech Lab  
  43  4:49  SCV  
  43  4:51  Barracks Tech Lab  
  44  4:57  Barracks, SCV  
  45  5:00  Barracks  
  45  5:01  SCV  
  46  5:13  SCV  
  45  5:25  SCV  
  45  5:28  Marine  
  44  5:32  Reaper  
  42  5:37  SCV x3  
  44  5:44  Marine x2  
  44  5:45  Stimpack  
  44  5:46  Starport, Marine, Factory Reactor  
  44  5:48  Barracks Reactor x2  
  44  5:49  SCV x2  
  50  5:51  Refinery x2, Orbital Command  
  49  6:01  SCV x2  
  49  6:02  Marine x2  
  49  6:03  Marine  
  49  6:04  Supply Depot  
  54  6:05  Marine  
  55  6:13  SCV  
  56  6:20  Marine x2  
  56  6:21  Marine, SCV x2  
  56  6:23  Marine  
  62  6:29  Marine  
  62  6:30  Marine x3  
  61  6:38  Marine x2  
  61  6:39  Marine  
  64  6:40  Marine, Factory Tech Lab  
  64  6:42  Bunker  
  64  6:43  Bunker  
  64  6:46  Medivac x2  
  69  6:47  Marine  
  69  6:48  Marine x2, SCV  
  69  6:50  SCV  
  69  6:53  Supply Depot  
  74  6:55  Marine  
  74  6:56  Marine x2  
  74  6:57  Marine  
  74  6:58  Marine, SCV  
  80  7:05  Marine  
  80  7:06  Marine  
  80  7:08  Marine  
  82  7:12  Engineering Bay  
  82  7:14  Engineering Bay, Siege Tank  
  86  7:22  Orbital Command  
  86  7:23  Medivac x2  
  86  7:26  Supply Depot, SCV x2  
  86  7:27  Supply Depot, Marine  
  93  7:42  Terran Infantry Weapons Level 1  
  93  7:43  Terran Infantry Armor Level 1  
  93  7:48  Bunker, Marine x3, SCV x3, Armory  
  99  7:51  Marine  
  99  7:52  Marine  
  99  7:54  Combat Shields  
  101  8:00  SCV x3  
  102  8:17  Marine x6  
  102  8:18  Marine x2  
  83  8:20  SCV  
  80  8:27  SCV  
  80  8:28  SCV  
  80  8:29  Missile Turret  
  80  8:32  Supply Depot, SCV  
  83  8:34  Marine  
  83  8:35  Marine x5  
  83  8:36  Marine x2  
  83  8:38  Siege Tank  
  83  8:40  Medivac, SCV x2  
  98  8:42  Medivac  
  98  8:44  SCV  
  98  8:48  Refinery  
  101  8:51  Refinery  
  101  8:52  Marine  
  101  8:54  Supply Depot  
  101  8:55  Supply Depot  
  102  8:57  Terran Vehicle Weapons Level 1  
  102  8:58  Marauder  
  102  9:01  Marine, Marauder  
  102  9:02  Marine x3  
  110  9:05  Marine  
  111  9:10  Marine  
  111  9:15  Factory  
  112  9:17  Medivac, Siege Tank  
  112  9:18  Medivac  
  112  9:19  Marine  
  112  9:20  Marauder  
  122  9:24  Marine, Marauder  
  122  9:27  Supply Depot  
  122  9:28  Supply Depot, Marine  
  122  9:29  Supply Depot x2, Marine  
  127  9:32  Marine  
  127  9:33  Marine  
  127  9:37  Marine  
  129  9:41  Marine  
  122  9:57  Marine  
  122  9:58  Marine x4, Medivac x2  
  130  10:07  SCV x2  
  127  10:14  SCV  
  127  10:15  Marine  
  127  10:16  Terran Infantry Armor Level 2, Marauder, Terran Infantry Weapons Level 2  
  127  10:17  Siege Tank  
  127  10:19  Factory Tech Lab  
  133  10:24  Supply Depot  
  133  10:28  Medivac  
  133  10:29  Missile Turret  
  133  10:31  Marine x3, Marauder  
  133  10:32  Marine  
  141  10:39  Marine  
  141  10:40  Marauder  
  144  10:44  Thor  
  144  10:46  Marine  
  144  10:49  Marine  
  152  11:02  Marine x4, Marauder x2  
  160  11:04  Marine, Siege Tank  
  160  11:07  Marine  
  165  11:19  Marine  
  165  11:20  Marine  
  165  11:22  Marine  
  165  11:23  Marine x2, Marauder  
  165  11:24  Marine  
  173  11:29  Marauder  
  172  11:35  Siege Tank  
  169  11:41  Marine, Siege Tank  
  169  11:42  Medivac  
  169  11:43  Marine x2  
  169  11:46  Medivac  
  177  11:47  Marauder  
  177  11:49  Orbital Command  
  179  12:01  Bunker  
  179  12:07  Siege Tank  
  175  12:13  Thor  
  180  12:18  Marauder  
  180  12:21  Marine x5, Marauder  
  186  12:39  Marine x4  
  189  12:50  Medivac  
  189  12:51  Medivac  
  189  12:52  Marauder  
  189  12:57  Marauder  
  182  13:10  Thor  
  185  13:14  Marauder  
  185  13:17  Supply Depot x2, SCV  
  178  13:27  Command Center  
  175  13:36  Thor  
  175  13:37  Marine, Marauder  
  182  13:42  SCV  
  179  13:48  Marine  
  179  13:50  Marine  
  179  13:51  Marine x2  
  179  13:55  Marine  
  185  13:58  Marine  
  180  14:08  Marine  
  180  14:09  Marine x2  
  168  14:13  Marine  
  168  14:16  Marine  
  159  14:26  Marine x3  
  159  14:31  Marine  
  145  14:33  Marine  
  136  14:44  Marine x3  
  129  14:48  Marine  
Tags
 
Add a new tag
Caveats
  • Supply blocks, unpowered buildings, or Contaminate may cause inaccurate times.
  • Supply counts are checked every 10 seconds.